 Dungeon Crawl Stone Soup version 0.22-a0-605-g9281fa2 (webtiles) character file.

46 chorionicmirror the Ducker (level 3, -3/25 HPs)
             Began as a Gnoll Wanderer on July 8, 2018.
             Splashed by a jelly's acid (8 damage)
             ... on level 2 of the Dungeon.
             The game lasted 00:04:52 (1545 turns).

chorionicmirror the Ducker (Gnoll Wanderer)         Turns: 1545, Time: 00:04:53

Health: -3/25      AC:  1    Str: 16    XL:     3   Next: 68%
Magic:  4/4        EV: 15    Int: 13    God:
Gold:   60         SH:  0    Dex: 14    Spells: 3/3 levels left

rFire    . . .     SeeInvis .   g - +1 hand axe
rCold    . . .     Gourm    .   (no shield)
rNeg     . . .     Faith    .   a - +2 leather armour
rPois    .         Spirit   .   (no helmet)
rElec    .         Reflect  .   (no cloak)
rCorr    .         Harm     .   (no gloves)
MR       .....     Clarity  +   (no boots) Stlth ++........Rnd*Tele +
                                (no amulet)
HPRegen  0.08/turn              (no ring)
MPRegen  0.09/turn              (no ring)

@: corroded
A: distributed training, fangs 1, blurry vision 1, clarity, teleportitis 1,
strong nose
a: no special abilities


You were on level 2 of the Dungeon.
You were not hungry.

You visited 1 branch of the dungeon, and saw 2 of its levels.

You collected 60 gold pieces.

Inventory:

Hand Weapons
 g - a +1 hand axe (weapon)
Missiles
 h - 26 bolts
 j - 24 sling bullets
Armour
 a - a +2 leather armour (worn)
Scrolls
 b - a scroll of blinking {unknown}
 c - 2 scrolls of teleportation
 e - 3 scrolls of identify
 k - a scroll of amnesia
Potions
 d - a potion of degeneration {unknown}
 i - a potion of haste {unknown}
Comestibles
 f - a ration


   Skills:
 + Level 0.9 Fighting
 + Level 0.9 Short Blades
 + Level 0.9 Long Blades
 + Level 0.9 Axes
 + Level 0.9 Maces & Flails
 + Level 0.9 Polearms
 + Level 0.9 Staves
 + Level 0.9 Slings
 + Level 0.9 Bows
 + Level 2.6 Crossbows
 + Level 0.9 Throwing
 + Level 4.5 Armour
 + Level 6.5 Dodging
 + Level 2.4 Stealth
 + Level 2.6 Shields
 + Level 2.6 Unarmed Combat
 + Level 0.9 Spellcasting
 + Level 0.6 Conjurations
 + Level 0.6 Hexes
 + Level 0.6 Charms
 + Level 0.6 Summonings
 + Level 0.6 Necromancy
 + Level 0.6 Translocations
 + Level 0.6 Transmutations
 + Level 0.6 Fire Magic
 + Level 0.6 Ice Magic
 + Level 0.6 Air Magic
 + Level 0.6 Earth Magic
 + Level 0.6 Poison Magic
 + Level 1.0 Invocations
 + Level 2.6 Evocations


You had 3 spell levels left.
You didn't know any spells.
Your spell library was empty.

Dungeon Overview and Level Annotations

Branches:
Dungeon (2/15)

Altars:


Innate Abilities, Weirdness & Mutations

Your experience applies equally to all skills.
You have very sharp teeth.
Your uncanny sense of smell can sniff out nearby items.
Scrolls take you a little longer to read.
You possess an exceptional clarity of mind.
You are occasionally teleported next to monsters.


Message History

A dart slug comes into view.
The jelly hits you but does no damage.
You hit the jelly.
Your hands burn!
You bite the jelly.
The jelly is lightly wounded.
The jelly closely misses you.
You hit the jelly.
Your hands burn!
The jelly is moderately wounded.
The jelly hits you but does no damage.
You hit the jelly.
Your hands burn!
The jelly is heavily wounded.
The jelly completely misses you.
You hit the jelly. The acid corrodes you!
Your hands burn!
Your bite misses the jelly.
The jelly is severely wounded.
The jelly hits you.
You are splashed with acid!
The acid burns!
* * * LOW HITPOINT WARNING * * *
The jelly hits you.
* * * LOW HITPOINT WARNING * * *
The acid corrodes you!
You are splashed with acid!
The acid burns!
You die...

#.# #####.#####
###.........# #####
#....##.#.#.# #...######
.....##.....# #........#
........#.#.###........#
.......................#
............##.........#
......####......@....#.
......# #.....#J..###
......# #.....#......
........ #...#....$..#.#
..##.... #...#.#.....#
..# .... #...+.#.......
... #.w #.......###
.......


You could see a jelly.

Vanquished Creatures
  2 adders (D:2)
  A dart slug (D:1)
  2 bats (D:1)
  A giant cockroach (D:1)
  7 goblins (D:1)
  2 hobgoblins
  3 jackals (D:2)
  2 ball pythons (D:1)
  5 rats
25 creatures vanquished.

Notes
Turn   | Place    | Note
-------+----------+-------------------------------------------
     0 | D:1      | chorionicmirror the Gnoll Wanderer began the quest for the Orb.
     0 | D:1      | chorionicmirror set off with: a +2 leather armour, a +0 ring mail, a scroll of teleportation, a +0 club, a ration
     0 | D:1      | Reached XP level 1. HP: 13/13 MP: 2/2
   169 | D:1      | Reached XP level 2. HP: 13/19 MP: 3/3
   954 | D:1      | Gained mutation: Scrolls take you a little longer to read. [potion of mutation]
   954 | D:1      | Gained mutation: You are occasionally teleported next to monsters. [potion of mutation]
   954 | D:1      | Gained mutation: You possess an exceptional clarity of mind. [potion of mutation]
   976 | D:2      | Reached XP level 3. HP: 11/25 MP: 4/4
  1208 | D:2      | Reached skill level 1 in Invocations
  1545 | D:2      | Splashed by a jelly's acid

Vault maps used:
D:1:      nzn_arrival_depleted_hourglass
D:2:      marbit_many_paths

Skill      XL: |  1  2  3 |
---------------+----------+-----
Invocations    | 1 |  1.0
Fighting       | |  0.9
Short Blades   | |  0.9
Long Blades    | |  0.9
Axes           | |  0.9
Maces & Flails | |  0.9
Polearms       | |  0.9
Staves         | |  0.9
Slings         | |  0.9
Bows           | |  0.9
Crossbows      | |  2.6
Throwing       | |  0.9
Armour         | |  4.5
Dodging        | |  6.5
Stealth        | |  2.4
Shields        | |  2.6
Unarmed Combat | |  2.6
Spellcasting   | |  0.9
Conjurations   | |  0.6
Hexes          | |  0.6
Charms         | |  0.6
Summonings     | |  0.6
Necromancy     | |  0.6
Translocations | |  0.6
Transmutations | |  0.6
Fire Magic     | |  0.6
Ice Magic      | |  0.6
Air Magic      | |  0.6
Earth Magic    | |  0.6
Poison Magic   | |  0.6
Evocations     | |  2.6

Action                   || total
-------------------------++-------
Melee: Hand axe          ||   105
       Bite              ||     6
  Use: Scroll            ||     4
       Potion            ||     2
  Eat: Chunk             ||     2
Armor: Leather armour    ||    39
Dodge: Dodged            ||   145

Table legend:
 A = Spawn XP
 B = Non-spawn XP
 C = Spawn XP percentage of total XP
 D = Spawn monster count
 E = Non-spawn monster count
 F = Spawn count percentage of total count
 G = Total turns spent on level
                    A         B        C        D         E        F      G
               +---------+---------+-------+---------+---------+-------+---------
         Total |       0 |      67 |   0.0 |       0 |      25 |   0.0 |  1545
               +---------+---------+-------+---------+---------+-------+---------
           D:1 |       0 |      32 |   0.0 |       0 |      18 |   0.0 |   963
           D:2 |       0 |      35 |   0.0 |       0 |       7 |   0.0 |   582
               +---------+---------+-------+---------+---------+-------+---------
